Map: Site Delta LE

Players

SubN - Winner!

  • Race: Zerg Zerg
  • League: Diamond
  • Spawn Location: 5:00

Gogo

  • Race: Protoss Protoss
  • League: Diamond
  • Spawn Location: 11:00

VOD

Have the link to the VOD?

Description

Time

  • Played on: Jan. 4, 2024, 8:07 p.m.
  • Length: 8:53
Show
View Real Time Build Order
Export as new Build Order

SubN Zerg - Winner!

Build Orders: 3 Hatch before Pool 

Get SALT Encoding   

  12  0:00  Drone  
  13  0:12  Overlord  
  13  0:16  Drone  
  14  0:30  Drone x2  
  16  0:51  Drone, Hatchery  
  16  1:13  Hatchery  
  16  1:17  Drone  
  16  1:20  Drone  
  16  1:24  Drone  
  18  1:36  Extractor  
  17  1:53  Drone  
  18  1:57  Spawning Pool  
  18  1:59  Drone x2  
  19  2:09  Drone x2  
  19  2:15  Drone x2  
  23  2:27  Drone x3  
  26  2:44  Metabolic Boost  
  26  2:45  Queen  
  26  2:46  Queen  
  30  2:52  Queen  
  30  2:56  Overlord  
  32  3:00  Overlord  
  32  3:05  Drone x2  
  34  3:11  Overlord  
  34  3:21  Drone x3  
  34  3:22  Queen  
  34  3:25  Zergling x2  
  34  3:26  Zergling x2  
  39  3:50  Drone x8  
  47  3:59  Drone  
  47  4:10  Lair  
  47  4:15  Extractor  
  46  4:17  Extractor  
  46  4:18  Drone x2  
  46  4:19  Drone  
  46  4:20  Drone x3  
  51  4:27  Evolution Chamber  
  51  4:29  Roach Warren  
  49  4:31  Drone x3, Evolution Chamber  
  49  4:34  Drone x6  
  57  4:39  Overlord x2  
  57  4:40  Overlord  
  57  4:42  Overlord  
  57  4:56  Spore Crawler  
  56  5:00  Drone, Spore Crawler  
  56  5:01  Spore Crawler  
  56  5:04  Zergling x2, Spore Crawler  
  56  5:05  Zergling x14  
  62  5:10  Roach  
  62  5:11  Roach  
  66  5:18  Queen  
  68  5:27  Drone x7  
  75  5:34  Overseer  
  75  5:37  Overseer  
  75  5:51  Drone x2  
  75  5:52  Drone  
  75  5:55  Extractor  
  75  6:12  Roach  
  75  6:13  Queen  
  75  6:16  Glial Reconstitution, Zerg Missile Weapons Level 1  
  75  6:17  Zerg Ground Armor Level 1, Spore Crawler  
  78  6:19  Drone x10  
  78  6:21  Extractor  
  78  6:23  Extractor  
  86  6:25  Pneumatized Carapace  
  86  6:33  Hatchery, Roach  
  86  6:34  Roach  
  86  6:36  Overlord x6  
  89  6:44  Drone  
  90  6:47  Baneling Nest  
  87  6:56  Roach  
  87  6:57  Roach x8  
  103  7:07  Zergling x8  
  103  7:08  Zergling x4  
  109  7:13  Drone  
  109  7:14  Drone  
  111  7:17  Drone  
  111  7:20  Overlord  
  112  7:26  Zergling x2  
  112  7:27  Zergling x12  
  115  7:54  Roach  
  115  7:55  Roach x9  
  131  8:01  Overseer  
  126  8:06  Zergling x8  
  126  8:11  Queen  
  128  8:12  Drone x2  
  128  8:13  Drone x4  
  123  8:29  Roach x5  
Show
View Real Time Build Order
Export as new Build Order

Gogo Protoss 

Build Orders: 1 Gate Expand, Dark Templar Rush 

Get SALT Encoding   

  12  0:00  Probe  
  13  0:12  Probe  
  14  0:21  Pylon  
  14  0:24  Probe  
  15  0:39  Probe (Chrono Boost)  
  16  0:46  Gateway  
  16  0:52  Gateway  
  16  0:53  Probe (Chrono Boost)  
  17  1:05  Probe  
  17  1:06  Assimilator  
  18  1:17  Probe  
  19  1:29  Probe  
  20  1:36  Nexus  
  19  1:47  Cybernetics Core  
  19  1:50  Probe (Chrono Boost)  
  21  2:01  Probe (Chrono Boost)  
  21  2:03  Assimilator  
  21  2:04  Pylon  
  21  2:07  Probe (Chrono Boost)  
  22  2:18  Probe  
  23  2:24  Adept  
  23  2:25  Warp Gate  
  25  2:34  Gateway  
  25  2:37  Probe  
  26  2:44  Twilight Council  
  26  2:49  Probe  
  27  2:51  Probe  
  27  2:55  Adept (Chrono Boost)  
  30  3:01  Probe  
  30  3:03  Probe  
  32  3:13  Probe  
  32  3:15  Probe  
  34  3:21  Dark Shrine  
  34  3:25  Probe  
  35  3:28  Robotics Facility  
  35  3:48  Probe  
  36  3:49  Probe  
  37  3:57  Pylon  
  37  4:00  Probe  
  36  4:05  Probe  
  36  4:07  Assimilator  
  37  4:12  Warp Prism (Chrono Boost)  
  37  4:14  Probe  
  37  4:15  Assimilator  
  40  4:21  Nexus  
  40  4:23  Pylon  
  40  4:25  Pylon  
  40  4:26  Probe  
  40  4:29  Charge  
  42  4:43  Gateway  
  42  4:45  Gateway  
  41  4:49  Gateway  
  41  4:56  Probe  
  42  5:02  Dark Templar  
  42  5:03  Dark Templar  
  42  5:06  Probe (Chrono Boost)  
  47  5:09  Probe (Chrono Boost)  
  48  5:18  Probe (Chrono Boost)  
  48  5:21  Forge  
  49  5:24  Forge, Probe (Chrono Boost)  
  49  5:25  Probe  
  51  5:35  Dark Templar, Probe  
  51  5:36  Dark Templar  
  55  5:47  Adept  
  55  5:48  Adept x2  
  55  6:09  Protoss Ground Armor Level 1 (Chrono Boost), Protoss Ground Weapons Level 1 (Chrono Boost)  
  55  6:10  Probe x2  
  51  6:20  Pylon  
  51  6:22  Probe x2  
  53  6:38  Immortal  
  57  6:40  Gateway  
  57  6:41  Gateway  
  57  6:44  Stalker x2  
  57  6:45  Gateway  
  61  6:58  Adept x3  
  58  7:05  Probe x2  
  60  7:10  Zealot  
  62  7:24  Pylon  
  62  7:42  Probe x2  
  60  7:44  Stalker x5  
  70  7:52  Dark Templar  
  70  7:53  Dark Templar  
  70  7:54  Dark Templar  
  70  7:55  Probe  
  57  8:07  Zealot x5  
  67  8:14  Archon  
  67  8:18  Probe x2  
  63  8:20  Nexus  
  63  8:24  Pylon  
  63  8:26  Pylon  
  57  8:27  Zealot x3  
  57  8:29  Zealot  
  57  8:34  Zealot  
  65  8:36  Zealot  
  65  8:40  Dark Templar  
Tags
 
Add a new tag
Caveats
  • Supply blocks, unpowered buildings, or Contaminate may cause inaccurate times.
  • Supply counts are checked every 10 seconds.